cohdb
Replays
Latest Replays
All Replays
Popular Replays
Top Player Replays
Match Explorer
How It Works
Community
CoH3 Stats
Reddit
Sign in to upload your games and track your stats! →
Sign in with Steam
Match 31650561
Unlisted
Match 31650561
Overview
Messages
Build Orders
End
Kettenkrad Recon Vehicle
Construct Infanterie Kompanie
GrW 34 Mortar Team
Grenadier Squad
MG 42 Machine Gun Team
Construct Luftwaffe Kompanie
221 Scout Car
Selects Mechanized Battlegroup
Selects Raid Package
Medical Station
Jäger Squad
Jäger Squad
Luftwaffe Officer Quarters
Construct Panzer Kompanie
Selects StuG Assault Group
Nukepapa
Vandernesh
RayM@N
KILLUA
0
0
Comments
sign in to comment!
No comments posted yet!